[Event "Late-Titled-Tuesday-Blitz-September-26-2023"]
[Site "Chess.com"]
[Date "2023.09.26"]
[Round "5"]
[White "FMVolodymyrSakun"]
[Black "cukus"]
[Result "1-0"]
[WhiteElo "2635"]
[BlackElo "2373"]
[TimeControl "180+1"]
[EndTime "14:54:10 PDT"]
[Termination "FMVolodymyrSakun won on time"]

1. e4 e5 2. d4 exd4 3. Nf3 Nc6 4. Bc4 Nf6 5. e5 d5 6. Bb5 Ne4 7. Nxd4 Bc5 8. Be3 O-O 9. Nxc6 bxc6 10. Bxc5 Nxc5 11.
Bxc6 Rb8 12. O-O d4 13. Nd2 Rb6 14. Bf3 Rh6 15. g3 Qg5 16. Re1 Ne6 17. Bg2 Qg6 18.
Ne4 Ng5 19. Nxg5 Qxg5 20. Qxd4 Rd8 21. Qe3 Qh5 22. h4 Bf5 23. Qg5 Qxg5 24. hxg5 Rg6 25. Rad1 Rxd1 26. Rxd1 Kf8 27. f4 Ke7 28. c3 Ra6 29. a3 c5 30. Bd5 Rb6 31. Rd2 Rb8 32.
Kf2 Rd8 33. Ke3 Be6 34. Bxe6 1-0

[Event "Late-Titled-Tuesday-Blitz-September-26-2023"]
[Site "Chess.com"]
[Date "2023.09.26"]
[Round "5"]
[White "The_Straightforward_Rook"]
[Black "jamengrand"]
[Result "1-0"]
[WhiteElo "2524"]
[BlackElo "2262"]
[TimeControl "180+1"]
[EndTime "14:54:13 PDT"]
[Termination "The_Straightforward_Rook won by checkmate"]

1. d4 d5 2. Nf3 Nf6 3. c4 e6 4. Bg5 Be7 5. e3 O-O 6. Qc2 c5 7. cxd5 Nxd5 8. Bxe7 Qxe7 9. Qxc5 Qxc5 10. dxc5 Nb4 11. Na3 b6 12. cxb6 axb6 13. Bb5 Bd7 14.
Bxd7 Nxd7 15. O-O Nc5 16. Rfd1 Rfc8 17. Nd4 Kf8 18. h4 h5 19. Nc4 Rxa2 20. Rxa2 Nxa2 21. Nxb6 Rb8 22. Nc4 Rb4 23. Ra1 Rxc4 24. Rxa2 g6 25. b3 Rc1+ 26. Kh2 Rb1 27. Ra8+ Kg7 28. Rb8 e5 29.
Nc6 e4 30. b4 Nd3 31. Kg3 Rb2 32. f3 Ne1 33. fxe4 Rxg2+ 34. Kf4 Nd3+ 35. Kf3 Rb2 36.
b5 f6 37. Rb7+ Kh6 38. Ne7 g5 39. Nf5+ Kg6 40. Rg7# 1-0

[Event "Late-Titled-Tuesday-Blitz-September-26-2023"]
[Site "Chess.com"]
[Date "2023.09.26"]
[Round "5"]
[White "elcala"]
[Black "YouShallNotPass001"]
[Result "0-1"]
[WhiteElo "1720"]
[BlackElo "2339"]
[TimeControl "180+1"]
[EndTime "14:54:13 PDT"]
[Termination "YouShallNotPass001 won by resignation"]

1. d4 Nf6 2. Nf3 e6 3. Bf4 c5 4. e3 b6 5. c3 Bb7 6. Be2 Be7 7. Nbd2 O-O 8. O-O Nh5 9. Be5 d6 10. Bg3 cxd4 11. cxd4 Nd7 12. Rc1 a6 13. a3 b5 14.
Qb3 Nb6 15. Rc2 Rc8 16. Rfc1 Rxc2 17. Rxc2 Nxg3 18. hxg3 Na4 19. Nb1 Bd5 20. Qd3 Qa8 21. Nc3 Bb3 22. Rd2 Rc8 23. Nxa4 Rc1+ 24. Kh2 bxa4 25.
Bd1 Bc4 26. Rc2 Bxd3 27. Rxc1 g5 28. Bxa4 g4 29. Nd2 Qd5 30. Bc6 Qh5+ 31. Kg1 Qa5 32. Bb7 Qxd2 0-1

[Event "Late-Titled-Tuesday-Blitz-September-26-2023"]
[Site "Chess.com"]
[Date "2023.09.26"]
[Round "5"]
[White "RIPOL"]
[Black "miraitrunks"]
[Result "1-0"]
[WhiteElo "2407"]
[BlackElo "2161"]
[TimeControl "180+1"]
[EndTime "14:54:16 PDT"]
[Termination "RIPOL won on time"]

1. d4 d5 2. c4 Bf5 3. cxd5 Bxb1 4. Qa4+ c6 5. Rxb1 Qxd5 6. e3 Nf6 7. Nf3 Nbd7 8. Be2 e5 9. O-O e4 10. Nd2 Bd6 11.
f4 O-O 12. h3 c5 13. Bc4 Qf5 14. Qc2 cxd4 15. exd4 Bxf4 16. Nxe4 Qxe4 17. Qxe4 Bh2+ 18. Kxh2 Nxe4 19. Bf4 Rac8 20. Bd5 Ndf6 21. Bxb7 Rc2 22. Be5 Nd2 23. Rf2 Nxb1 24. Rxc2 Nd7 25. Bd6 Re8 26. Bc6 Rd8 27. Bxd7 h6 28. Rc8 1-0

[Event "Late-Titled-Tuesday-Blitz-September-26-2023"]
[Site "Chess.com"]
[Date "2023.09.26"]
[Round "5"]
[White "sergeikim"]
[Black "Bauman_Guy"]
[Result "0-1"]
[WhiteElo "2610"]
[BlackElo "2868"]
[TimeControl "180+1"]
[EndTime "14:54:17 PDT"]
[Termination "Bauman_Guy won by resignation"]

1. d4 Nf6 2. c4 e6 3. Nc3 Bb4 4.
Qc2 d5 5. a3 Bxc3+ 6. Qxc3 dxc4 7. Qxc4 b6 8. Nf3 Ba6 9. Qc2 Nbd7 10. g3 c5 11. dxc5 Nxc5 12. b4 Ncd7 13. Bg2 Rc8 14. Qb2 O-O 15. O-O Ne4 16. Be3 Nc3 17. Rfe1 Nf6 18.
Bd4 Nfe4 19. Bf1 Qd5 20. Rac1 Na4 21. Qa1 f6 22. Be3 e5 23. Red1 Qb3 24. Rxc8 Rxc8 25. Bh3 Bxe2 26. Rb1 Qd5 27. Bxc8 Bxf3 28. Rc1 Nac3 29.
Ba6 b5 30. Re1 Ne2+ 31. Rxe2 Bxe2 32. Qc1 Bc4 33. a4 Nc3 34. Qxc3 Qd1+ 35. Kg2 Bf1+ 36. Kg1 Bh3+ 0-1

[Event "Late-Titled-Tuesday-Blitz-September-26-2023"]
[Site "Chess.com"]
[Date "2023.09.26"]
[Round "5"]
[White "MikaelyanArman"]
[Black "TatjanaVasilevich"]
[Result "0-1"]
[WhiteElo "2824"]
[BlackElo "2569"]
[TimeControl "180+1"]
[EndTime "14:54:17 PDT"]
[Termination "TatjanaVasilevich won by checkmate"]

1. e4 c5 2. Nf3 e6 3. d4 cxd4 4. Nxd4 a6 5. Bd3 Nf6 6. O-O Qc7 7. c4 d6 8. Nc3 Be7 9. b3 O-O 10. Bb2 Nc6 11. Nxc6 bxc6 12. f4 d5 13. e5 Nd7 14.
Rf3 g6 15. Rh3 f5 16. cxd5 cxd5 17. Ne2 Bb7 18. Nd4 Qb6 19. Kh1 Nc5 20. Rc1 Ne4 21. Bxe4 dxe4 22. Rhc3 Rac8 23. Rxc8 Rxc8 24. Rxc8+ Bxc8 25. h3 Bc5 26. Ne2 a5 27. Bd4 Qd8 28. Qg1 Bb4 29.
Qe3 Ba6 30. Nc3 Bd3 31. Na4 Qc7 32. Nc5 Bxc5 33. Bxc5 Qd7 34. Kh2 a4 35. b4 Bc4 36.
Bd6 Bxa2 37. Qb6 Qe8 38. Qa7 Bd5 39. Be7 Qa8 40. Qd7 a3 41. Bf6 Qf8 42. Qa7 a2 43. b5 e3 44. Kg3 e2 45. Kf2 e1=Q+ 46. Kxe1 Qb4+ 47. Kf2 Qd2+ 48. Kg3 Qxg2+ 49. Kh4 Qf2+ 50. Kg5 Qg3+ 51. Kh6 Qxh3+ 52. Bh4 Qxh4# 0-1

[Event "Late-Titled-Tuesday-Blitz-September-26-2023"]
[Site "Chess.com"]
[Date "2023.09.26"]
[Round "5"]
[White "szachmistrz2500"]
[Black "Garmendiarov"]
[Result "1-0"]
[WhiteElo "2446"]
[BlackElo "2310"]
[TimeControl "180+1"]
[EndTime "14:54:17 PDT"]
[Termination "szachmistrz2500 won by resignation"]

1. Nf3 Nf6 2. g3 g6 3. Bg2 Bg7 4. O-O O-O 5. d3 d5 6. Nbd2 c5 7. e4 Nc6 8. Re1 e5 9. c3 Re8 10. a3 h6 11. b4 b6 12. bxc5 bxc5 13. exd5 Nxd5 14. Qc2 Ba6 15. c4 Nb6 16. Ne4 Nd4 17. Nxd4 exd4 18. Bf4 Rc8 19. Nd6 Qd7 20. Nxc8 Qxc8 21. a4 Nd7 22. a5 Nf6 23. Qa4 g5 24. Bd6 Rxe1+ 25. Rxe1 Bb7 26. Bxb7 Qxb7 27. Bxc5 Qf3 28.
Qd1 Qf5 29. Bxd4 Ng4 30. Bxa7 Bc3 31. Re8+ Kg7 32. Qe2 Bxa5 33. Bd4+ Kg6 34. Qe4 Qxe4 35. Rxe4 f5 36. Re6+ Kf7 37. Ra6 Be1 38. h3 1-0

[Event "Late-Titled-Tuesday-Blitz-September-26-2023"]
[Site "Chess.com"]
[Date "2023.09.26"]
[Round "5"]
[White "dadice10"]
[Black "whiteglovethief"]
[Result "1-0"]
[WhiteElo "2244"]
[BlackElo "2460"]
[TimeControl "180+1"]
[EndTime "14:54:20 PDT"]
[Termination "dadice10 won by resignation"]

1. e4 e6 2. d4 d5 3. Nc3 Bb4 4. e5 b6 5. Qg4 Bf8 6. h4 Qd7 7. h5 h6 8. Nh3 Ba6 9. Bxa6 Nxa6 10.
Qe2 Nb8 11. Bd2 Nc6 12. Be3 Bb4 13. O-O Nge7 14. f4 Nf5 15. Bf2 Ncxd4 16. Bxd4 Nxd4 17. Qd3 Nf5 18. g4 Ne3 19. Rf3 Nxg4 20. Rg3 Bc5+ 21.
Kg2 Ne3+ 22. Rxe3 d4 23. Qe4 O-O 24. Rd3 f5 25. exf6 Rxf6 26. Rad1 Qf7 27. Qxa8+ Kh7 28.
Qe4+ Kh8 29. Ne2 Qxh5 30. Qf3 Rg6+ 31. Kh2 Qf5 32. Ng3 Qf8 33. a3 Rf6 34. b4 Bd6 35.
Rxd4 e5 36. Rd5 exf4 37. Ne4 Re6 38. Nxd6 cxd6 39. R1d2 Re3 40. Qg4 Rg3 41. Qh5 g6 42. Qh4 g5 43. Rxg5 Rxa3 44. Rg6 Kh7 45. Rgxd6 f3 46.
Rd7+ Kh8 47. Rd8 1-0

[Event "Late-Titled-Tuesday-Blitz-September-26-2023"]
[Site "Chess.com"]
[Date "2023.09.26"]
[Round "5"]
[White "Beca95"]
[Black "Rutricks"]
[Result "1-0"]
[WhiteElo "2928"]
[BlackElo "2670"]
[TimeControl "180+1"]
[EndTime "14:54:23 PDT"]
[Termination "Beca95 won by checkmate"]

1. e4 g6 2. d4 Bg7 3. c4 d6 4.
Nc3 Nd7 5. Be2 e5 6. Nf3 Ngf6 7. Be3 O-O 8. d5 a5 9. Nd2 Nc5 10. b3 Ne8 11. O-O f5 12. f3 f4 13. Bf2 g5 14.
a3 h5 15. Rb1 Rf6 16. b4 Na6 17.
c5 Rg6 18. c6 g4 19. cxb7 Bxb7 20. fxg4 hxg4 21. Bxg4 axb4 22. axb4 Nf6 23. Be6+ Kh8 24. b5 Nc5 25. Bxc5 dxc5 26. Nc4 Nh7 27. Bf5 Rh6 28. Rf3 Ng5 29. Rf2 Nf7 30. Rf3 Ng5 31. Rd3 Nf7 32.
Ra1 Rb8 33. Rh3 Bc8 34. Bxc8 Qxc8 35. Rxh6+ Nxh6 36. Qh5 f3 37. Qxf3 Qd7 38. Qh3 Qe8 39. Ra6 Kh7 40. Re6 Qf7 41. Nxe5 Qf4 42. Ne2 Qd2 43.
Rxh6+ Bxh6 44. Qf5+ Kg8 45. Qf7+ Kh8 46. Ng6# 1-0

[Event "Late-Titled-Tuesday-Blitz-September-26-2023"]
[Site "Chess.com"]
[Date "2023.09.26"]
[Round "5"]
[White "Byniolus"]
[Black "Pedrada88"]
[Result "0-1"]
[WhiteElo "2774"]
[BlackElo "2566"]
[TimeControl "180+1"]
[EndTime "14:54:24 PDT"]
[Termination "Pedrada88 won on time"]

1. d4 Nf6 2. Nf3 b6 3. Bf4 Bb7 4. e3 e6 5. h3 d6 6. Nbd2 c5 7. c3 cxd4 8. cxd4 Be7 9. Bd3 O-O 10. O-O Nc6 11. Bh2 Rc8 12. a3 a6 13. Qe2 b5 14.
e4 Qb6 15. e5 dxe5 16. dxe5 Nd5 17. Ne4 h6 18. Rad1 Rfd8 19. Nd6 Bxd6 20. exd6 Nf6 21. Rfe1 Na5 22. Bb1 Nc4 23. Ne5 Nxd6 24. Rd3 Nf5 25. Ba2 Ne4 26. Rxd8+ Rxd8 27. Qf3 Rd2 28. Rf1 Nxf2 29.
Qxf2 Rxf2 30. Rxf2 Qe3 31. Bf4 Qe1+ 32. Rf1 Qe4 33.
Rf2 g5 34. Bh2 Qe1+ 35. Rf1 Qd2 36. Rf2 Qc1+ 37. Rf1 Qxb2 38. Rf2 Qa1+ 0-1

[Event "Late-Titled-Tuesday-Blitz-September-26-2023"]
[Site "Chess.com"]
[Date "2023.09.26"]
[Round "5"]
[White "valemava"]
[Black "Mbneu"]
[Result "1-0"]
[WhiteElo "2407"]
[BlackElo "2251"]
[TimeControl "180+1"]
[EndTime "14:54:24 PDT"]
[Termination "valemava won by resignation"]

1. Nf3 c5 2. c4 e6 3. b3 d5 4. cxd5 exd5 5. Bb2 Nc6 6. d4 Nf6 7. g3 Be7 8. Bg2 O-O 9. O-O Ne4 10. dxc5 Bf6 11.
Nd4 Nxc5 12. Nxc6 bxc6 13. Nc3 Re8 14. e3 Bf5 15. Qd2 Nd3 16. Na4 Nxb2 17. Nxb2 Qb6 18.
Rac1 Rac8 19. Na4 Qb8 20. Nc5 h5 21. h4 Qd6 22. b4 Qe7 23. Rfe1 Rcd8 24. Nb3 Bxh4 25. gxh4 Qxh4 26. Qd4 Be4 27. f3 Qg3 28.
fxe4 Rxe4 29. Qd2 Rh4 30. Qf2 Qh2+ 31. Kf1 Rd6 32. Nd4 Rh3 33. Rxc6 Rxc6 34. Nxc6 Rh4 35. Ne7+ Kf8 36. Ng6+ 1-0

[Event "Late-Titled-Tuesday-Blitz-September-26-2023"]
[Site "Chess.com"]
[Date "2023.09.26"]
[Round "5"]
[White "korason34"]
[Black "DrCeltic"]
[Result "0-1"]
[WhiteElo "2644"]
[BlackElo "2461"]
[TimeControl "180+1"]
[EndTime "14:54:25 PDT"]
[Termination "DrCeltic won by resignation"]

1. e4 c5 2. Nf3 e6 3. d4 cxd4 4. Nxd4 Nf6 5. Nc3 d6 6. g4 h6 7.
h4 Nc6 8. Rg1 d5 9. exd5 Nxd5 10. Nxd5 Qxd5 11. Bg2 Qc4 12. Nxc6 bxc6 13. b3 Qb4+ 14.
Bd2 Qb6 15. Qf3 Bb7 16. O-O-O Be7 17. g5 h5 18. Bc3 O-O 19. Qxh5 Qxf2 20. Kb2 Qe3 21.
Rd3 Qxg1 22. Be4 f5 23. gxf6 Rxf6 24. Rd7 Qc5 25. Qh7+ Kf8 26. Bg6 Qa3+ 27. Kb1 Rf1+ 0-1

[Event "Late-Titled-Tuesday-Blitz-September-26-2023"]
[Site "Chess.com"]
[Date "2023.09.26"]
[Round "5"]
[White "Cambek64"]
[Black "Berardino"]
[Result "0-1"]
[WhiteElo "2467"]
[BlackElo "2632"]
[TimeControl "180+1"]
[EndTime "14:54:25 PDT"]
[Termination "Berardino won on time"]

1. e4 c5 2. Nf3 b6 3. d4 cxd4 4. Nxd4 Bb7 5. Nc3 Nf6 6. e5 Nd5 7. Nxd5 Bxd5 8. Bf4 Nc6 9. Nxc6 Bxc6 10. Qd2 e6 11.
O-O-O Qc7 12. Kb1 Be7 13. f3 O-O 14. h4 b5 15. h5 b4 16. h6 g6 17. Bd3 a5 18.
Rhe1 a4 19. Be4 b3 20. cxb3 axb3 21. a3 Bxa3 22. bxa3 Rxa3 23. Bxc6 Qxc6 24. Be3 Rfa8 25. Bd4 Qa4 26. Qc3 b2 27. Qxb2 Rb3 28. Rc1 Qa2+ 29. Kc2 Rxb2+ 30. Bxb2 Rc8+ 31. Kd3 Qb3+ 32. Rc3 Qb5+ 33.
Kc2 Rb8 34. Rb1 Qe2+ 35. Kc1 Qxg2 0-1

[Event "Late-Titled-Tuesday-Blitz-September-26-2023"]
[Site "Chess.com"]
[Date "2023.09.26"]
[Round "5"]
[White "Haykoooo0o"]
[Black "SlipperySpeedster"]
[Result "0-1"]
[WhiteElo "2463"]
[BlackElo "2625"]
[TimeControl "180+1"]
[EndTime "14:54:28 PDT"]
[Termination "SlipperySpeedster won by checkmate"]

1. d4 Nf6 2. Nf3 g6 3. Bf4 Bg7 4. h3 O-O 5. e3 d6 6. c3 Nbd7 7. Be2 c6 8. O-O Re8 9. Na3 Nh5 10. Bh2 d5 11. Rc1 e5 12. Re1 e4 13.
Nd2 Nhf6 14. c4 Bf8 15. cxd5 Nxd5 16. Nab1 Qb6 17. Qb3 N7f6 18. a3 Be6 19. Qc2 Bh6 20. Nc4 Qd8 21. Nd6 Re7 22. Nc3 Nxc3 23. Qxc3 Bd5 24.
Nc4 Be6 25. b4 Nd5 26. Qc2 f5 27. Ne5 f4 28. exf4 Nxf4 29. Bf1 Bd5 30. Ng4 Qf8 31. Nxh6+ Qxh6 32. Bxf4 Qxf4 33. Re3 Rf8 34. g3 Qh6 35. Bg2 Ref7 36. Rf1 Qg5 37. h4 Qh6 38. Bxe4 Qxe3 39. fxe3 Rxf1+ 40. Kg2 R8f2+ 41. Kh3 Rxc2 42. Bxc2 Rf2 43.
Bd3 h5 44. e4 Be6+ 45. g4 hxg4+ 46. Kg3 Rf3+ 47. Kg2 Rxd3 48. d5 cxd5 49. e5 Bf5 50. h5 gxh5 51. b5 h4 52. b6 h3+ 53.
Kf2 axb6 54. Ke2 h2 55. a4 h1=Q 56. a5 Qf3+ 57. Ke1 Rd1# 0-1

[Event "Late-Titled-Tuesday-Blitz-September-26-2023"]
[Site "Chess.com"]
[Date "2023.09.26"]
[Round "5"]
[White "Willychess95"]
[Black "iturrizaga"]
[Result "0-1"]
[WhiteElo "2700"]
[BlackElo "2998"]
[TimeControl "180+1"]
[EndTime "14:54:30 PDT"]
[Termination "iturrizaga won by resignation"]

1. e4 c5 2. Nf3 e6 3. d4 cxd4 4. Nxd4 a6 5. g3 h5 6. h3 Ne7 7. Bg2 Ng6 8. h4 Bc5 9. c3 Qc7 10.
Be3 b5 11. Nd2 Bb7 12. Qe2 Ne5 13. Nc2 d6 14. O-O-O Nbd7 15. f4 Ng4 16. Bxc5 Nxc5 17. Bf3 Nf2 18. Kb1 Nxh1 19. Bxh1 g6 20. Nd4 e5 21.
Nc2 O-O-O 22. Nb4 exf4 23. gxf4 Rhe8 24. Qe3 f5 25. Qh3 Kb8 26. exf5 Bc8 27. Nc6+ Qxc6 28. Bxc6 Bxf5+ 29. Qxf5 gxf5 30. Bxe8 Rxe8 31. Nb3 Ne4 32. Rd5 Ng3 33. Nd4 Re1+ 34. Kc2 Rh1 35. Nxf5 Rh2+ 36.
Kb3 Ne2 37. Rxd6 Nxf4 38. Rxa6 Nd3 39. Rb6+ Kc7 40. Rxb5 Rxb2+ 41. Kc4 Rd2 42. Rd5 Nb2+ 43. Kc5 Na4+ 44. Kc4 Nb6+ 0-1

[Event "Late-Titled-Tuesday-Blitz-September-26-2023"]
[Site "Chess.com"]
[Date "2023.09.26"]
[Round "5"]
[White "esrosenberg"]
[Black "PawnEatingZombie"]
[Result "1/2-1/2"]
[WhiteElo "2363"]
[BlackElo "2148"]
[TimeControl "180+1"]
[EndTime "14:54:30 PDT"]
[Termination "Game drawn by repetition"]

1. Nf3 c5 2. c4 Nc6 3. g3 e5 4.
Nc3 g6 5. Bg2 Bg7 6. O-O Nge7 7.
a3 O-O 8. b4 d6 9. Rb1 h6 10.
d3 Be6 11. Be3 b6 12. Ne1 Rc8 13. Nc2 Nd4 14. Bd2 d5 15. Nxd4 cxd4 16. Nxd5 Nxd5 17. cxd5 Bxd5 18. Qa4 Bxg2 19. Kxg2 Qd5+ 20. Kg1 Rc7 21. Rfc1 Rfc8 22. Rxc7 Rxc7 23. Qe8+ Kh7 24. Rc1 Rxc1+ 25. Bxc1 Qa2 26. Kf1 Qc2 27. Bxh6 Bxh6 28. Qxf7+ Bg7 29. f4 exf4 30. gxf4 Qc1+ 31. Kf2 Qe3+ 32. Kf1 Qc1+ 33. Kf2 Qxa3 34. f5 gxf5 35. Qxf5+ Kg8 36. Qe6+ Kh7 37.
Qf5+ Kg8 38. Qe6+ Kh7 39. Qf5+ 1/2-1/2

[Event "Late-Titled-Tuesday-Blitz-September-26-2023"]
[Site "Chess.com"]
[Date "2023.09.26"]
[Round "5"]
[White "gabduschew"]
[Black "K_alena13"]
[Result "1-0"]
[WhiteElo "2390"]
[BlackElo "2176"]
[TimeControl "180+1"]
[EndTime "14:54:31 PDT"]
[Termination "gabduschew won by resignation"]

1. c4 c6 2. b3 d5 3. Bb2 Nf6 4.
e3 Bf5 5. h3 h6 6. Nf3 e6 7. Be2 Be7 8. O-O O-O 9. d3 Nbd7 10.
Qc2 Bh7 11. a3 a5 12. Rd1 Qb6 13. Nbd2 Rfc8 14. Qc3 Bf8 15. Nf1 Qc7 16. Rac1 Qb8 17. N1d2 b5 18. Rb1 b4 19. axb4 axb4 20. Qc2 Qc7 21.
Ra1 Qb7 22. Nd4 Rxa1 23. Rxa1 Ra8 24. Rxa8 Qxa8 25. cxd5 cxd5 26. Qc1 Nc5 27. Qb1 Qa6 28. e4 e5 29. N4f3 dxe4 30. Nxe5 exd3 31. Bf1 Qb5 32. Qe1 Qa6 33. Qe3 Qa2 34. Qd4 Nxb3 35. Nxb3 Qxb3 36. Nxd3 Bxd3 37. Bxd3 Qd1+ 38. Kh2 Qd2 39. Bh7+ 1-0

[Event "Late-Titled-Tuesday-Blitz-September-26-2023"]
[Site "Chess.com"]
[Date "2023.09.26"]
[Round "5"]
[White "Djager97"]
[Black "laskakid"]
[Result "1-0"]
[WhiteElo "2573"]
[BlackElo "2323"]
[TimeControl "180+1"]
[EndTime "14:54:33 PDT"]
[Termination "Djager97 won by resignation"]

1. e4 e5 2. Nf3 Nc6 3. d4 exd4 4. Nxd4 Nf6 5. Nc3 Bb4 6. Nxc6 bxc6 7. Bd3 O-O 8. O-O Re8 9. Bg5 h6 10. Bh4 d5 11.
exd5 g5 12. Bg3 cxd5 13. a3 Bc5 14. Qd2 Kg7 15. Rae1 Bd7 16. b4 Bb6 17. Be5 Bc6 18. h4 d4 19. hxg5 Rxe5 20. Rxe5 dxc3 21. gxf6+ Qxf6 22.
Qe2 Rd8 23. Qg4+ Kf8 24. Rf5 Qe7 25. Qf4 Rd6 26. Bc4 f6 27. Qxh6+ Ke8 28. Qh8+ Kd7 29. Rh5 Bxg2 30. Rh7 Bxf1 31. Rxe7+ Kxe7 32. Qg7+ Kd8 33. Kxf1 Rd1+ 34. Kg2 Rd2 35. Qxf6+ Kc8 36. Ba6+ Kd7 37. Bd3 Rxf2+ 38. Qxf2 Bxf2 39. Kxf2 Kd6 40. Ke3 c5 41.
bxc5+ Kxc5 42. Ke4 a5 43. Be2 Kb6 44. Kd4 1-0

[Event "Late-Titled-Tuesday-Blitz-September-26-2023"]
[Site "Chess.com"]
[Date "2023.09.26"]
[Round "5"]
[White "Javylavilla"]
[Black "Aariow"]
[Result "1-0"]
[WhiteElo "2334"]
[BlackElo "2529"]
[TimeControl "180+1"]
[EndTime "14:54:33 PDT"]
[Termination "Javylavilla won by checkmate"]

1. e4 c5 2. Nf3 Nc6 3. Bb5 g6 4. Bxc6 dxc6 5. O-O Bg7 6. d3 Nf6 7. Nc3 O-O 8. h3 Nd7 9. Be3 e5 10. Qd2 b6 11. Bh6 a5 12. Bxg7 Kxg7 13. Qe3 Ba6 14. b3 Qe7 15. Ne2 Qd6 16. Nh2 b5 17. f4 exf4 18. Rxf4 Rae8 19. Qf2 c4 20. dxc4 bxc4 21. Rf1 f6 22. Ng4 cxb3 23. axb3 Re6 24. c4 Rfe8 25.
Ng3 a4 26. bxa4 Bxc4 27. e5 Nxe5 28. Nxf6 Bxf1 29. Nxe8+ Rxe8 30. Qxf1 Qa3 31. Kh2 Re7 32. Qf2 c5 33. Qe2 Nc6 34. Re4 Rf7 35. Re6 Nd4 36.
Qe5+ Kh6 37. Ne4 Nxe6 38. Qxe6 Rf5 39. Ng3 Rg5 40. Qd6 Qxa4 41. Qf8# 1-0

[Event "Late-Titled-Tuesday-Blitz-September-26-2023"]
[Site "Chess.com"]
[Date "2023.09.26"]
[Round "5"]
[White "KorolDimitriy75"]
[Black "imdarealist"]
[Result "0-1"]
[WhiteElo "2383"]
[BlackElo "2267"]
[TimeControl "180+1"]
[EndTime "14:54:34 PDT"]
[Termination "imdarealist won on time"]

1. d4 d5 2. c4 e6 3. Nc3 Nf6 4. Bg5 Be7 5. cxd5 Nxd5 6. Bxe7 Qxe7 7. e4 Nxc3 8. bxc3 O-O 9. Nf3 c5 10. Be2 Nc6 11. O-O cxd4 12. cxd4 Rd8 13. Qa4 a6 14. Rfd1 Bd7 15. Qb3 Na5 16. Qc3 b6 17. Rab1 Ba4 18.
Rdc1 Rdb8 19. Ne5 Qd8 20. h3 b5 21. Qc7 Qxc7 22. Rxc7 f6 23. Nd7 Rc8 24. Rbc1 Nc4 25. Rxc8+ Rxc8 26. Nc5 Nb6 27. Bg4 f5 28. exf5 exf5 29.
Bxf5 Rc6 30. Re1 g6 31. Be6+ Kg7 0-1

[Event "Late-Titled-Tuesday-Blitz-September-26-2023"]
[Site "Chess.com"]
[Date "2023.09.26"]
[Round "5"]
[White "eCztery"]
[Black "Iball95"]
[Result "1/2-1/2"]
[WhiteElo "2433"]
[BlackElo "2755"]
[TimeControl "180+1"]
[EndTime "14:54:37 PDT"]
[Termination "Game drawn by repetition"]

1. e4 c5 2. Nf3 e6 3. d4 cxd4 4. Nxd4 Nf6 5. Nc3 Nc6 6. g3 d5 7. exd5 exd5 8. Bg2 Bg4 9. Qd3 Bc5 10. Nxc6 bxc6 11. O-O O-O 12. Ne2 Re8 13. Nd4 Qb6 14. Be3 Rad8 15. b4 Bxd4 16. Bxd4 Qxb4 17. Bxf6 gxf6 18.
Rab1 Qc5 19. Rb7 Re7 20. Rfb1 Rde8 21. Rxe7 Rxe7 22. h3 Be6 23. Qf3 Kg7 24. c3 a5 25.
Kh2 d4 26. cxd4 Qxd4 27. Rb8 Bd5 28. Qf5 Bxg2 29. Qc8 Qxf2 30. Qg4+ Kh6 31. Qh4+ Kg7 32. Qg4+ Kh6 33. Qh4+ Kg7 34. Qg4+ 1/2-1/2

[Event "Late-Titled-Tuesday-Blitz-September-26-2023"]
[Site "Chess.com"]
[Date "2023.09.26"]
[Round "5"]
[White "Flawless_Fighter"]
[Black "Herman-NY"]
[Result "1-0"]
[WhiteElo "2777"]
[BlackElo "2501"]
[TimeControl "180+1"]
[EndTime "14:54:37 PDT"]
[Termination "Flawless_Fighter won by resignation"]

1. f4 d5 2. Nf3 g6 3. g3 Bg7 4. Bg2 Nc6 5. O-O e5 6. d3 Bg4 7. h3 Bf5 8. Nc3 d4 9. Ne4 h5 10. e3 exf4 11. exf4 Nge7 12. Bd2 a5 13. Qe2 O-O 14.
Nh4 b6 15. Rae1 Qd7 16. Ng5 Rae8 17. Qf3 Nb4 18. Bxb4 axb4 19. Kh2 Nc8 20. Nxf5 Qxf5 21. Qd5 Qxd5 22. Bxd5 Nd6 23. Bc6 Rxe1 24. Rxe1 Bf6 25. Nf3 Rd8 26. g4 hxg4 27. hxg4 Kf8 28. Kg3 Bg7 29.
g5 Nf5+ 30. Kf2 Ne3 31. Nd2 Nxc2 32. Rc1 Ne3 33. Ne4 Rb8 34. Kf3 Ke7 35. Ba4 c5 36.
Bb3 Rh8 37. Kg3 Kf8 38. Nd6 Ke7 39. Nxf7 Nf5+ 40. Kg2 Ne3+ 41. Kg3 Rf8 42. Nh6 Bxh6 43. gxh6 Nf5+ 44. Kf3 Nxh6 45. Re1+ Kd7 46. Re6 Nf5 47.
Rxb6 Nd6 48. Ba4+ Ke6 49. Bb3+ Kd7 50. Ra6 g5 51. Kg4 Rxf4+ 52. Kxg5 Rf2 53. Kg4 Rxb2 54. Kf4 Re2 55. Bd5 Re3 56. Ra7+ Kd8 57. Bc6 Re1 58. Rd7+ Kc8 59. Rxd6 Re3 60. Bb5 Kc7 61. Rc6+ Kb7 62. Rxc5 Kb6 63. Rd5 1-0

[Event "Late-Titled-Tuesday-Blitz-September-26-2023"]
[Site "Chess.com"]
[Date "2023.09.26"]
[Round "5"]
[White "filipluczak05"]
[Black "rdarruda"]
[Result "1-0"]
[WhiteElo "2660"]
[BlackElo "2481"]
[TimeControl "180+1"]
[EndTime "14:54:42 PDT"]
[Termination "filipluczak05 won by resignation"]

1. Nf3 d5 2. c4 Nf6 3. g3 e6 4. Bg2 Be7 5. O-O O-O 6. d4 c6 7. Nbd2 Nbd7 8. Qc2 b6 9. b3 Bb7 10. Bb2 Qc7 11. Rac1 Rac8 12. Qd3 Rfd8 13. e4 dxe4 14. Nxe4 c5 15. Nxf6+ Nxf6 16. Rfd1 Be4 17. Qe3 Qb7 18. dxc5 Bxc5 19. Qe2 Ng4 20. Nd4 Nxf2 21. Qxf2 e5 22.
Bxe4 Qxe4 23. Re1 Qg4 24. h3 Qg5 25. h4 Qh5 26. Kg2 exd4 27. Qf3 Qxf3+ 28. Kxf3 d3 29. Red1 Rd7 30. a3 Re8 31. b4 Re3+ 32. Kf4 Re2 33. bxc5 Rxb2 34. c6 Rd8 35. c7 Rf8 36. Rxd3 Re2 37.
Rd8 Ree8 38. Rcd1 f6 39. Rxe8 1-0

[Event "Late-Titled-Tuesday-Blitz-September-26-2023"]
[Site "Chess.com"]
[Date "2023.09.26"]
[Round "5"]
[White "topin8"]
[Black "invisible_s0ul"]
[Result "1-0"]
[WhiteElo "2429"]
[BlackElo "2287"]
[TimeControl "180+1"]
[EndTime "14:54:43 PDT"]
[Termination "topin8 won on time"]

1. e4 c5 2. Nf3 d6 3. c3 Nf6 4. Be2 e6 5. O-O Be7 6. Re1 O-O 7. Bf1 Nc6 8. d4 cxd4 9. cxd4 d5 10. e5 Ne4 11. Nbd2 f5 12. exf6 Nxf6 13. Bd3 Qd6 14. Nf1 Nd7 15. Qe2 Bf6 16. Be3 e5 17. dxe5 Ndxe5 18. Rad1 Bg4 19. N1d2 Nxf3+ 20. Nxf3 Ne5 21. Be4 Nxf3+ 22.
Bxf3 Bxf3 23. Qxf3 d4 24. Qxb7 Qc5 25. Bf4 a5 26.
Rc1 Qf5 27. Bg3 Bg5 28. Rc7 Bf6 29. Qb3+ Kh8 30. Rb7 d3 31. Rb5 1-0

[Event "Late-Titled-Tuesday-Blitz-September-26-2023"]
[Site "Chess.com"]
[Date "2023.09.26"]
[Round "5"]
[White "dedpihto_v_kozhanom_palto"]
[Black "Mykola-Bortnyk"]
[Result "0-1"]
[WhiteElo "2687"]
[BlackElo "2976"]
[TimeControl "180+1"]
[EndTime "14:54:44 PDT"]
[Termination "Mykola-Bortnyk won by checkmate"]

1. c4 e5 2. Nc3 Nc6 3. Nf3 g6 4. e3 Bg7 5. d4 exd4 6. exd4 d6 7. d5 Ne5 8. Nxe5 Qe7 9. Be2 dxe5 10. Nb5 Nf6 11. d6 cxd6 12. Nxd6+ Kf8 13. Nxc8 Rxc8 14.
O-O h6 15. Qa4 b6 16. b3 Kg8 17. Ba3 Qb7 18. c5 Qe4 19. Qa6 Kh7 20. Bf3 Qf5 21.
Qxa7 e4 22. Be2 Ra8 23. Qxf7 Rxa3 24. cxb6 Nd5 25. Qb7 Nf4 26. Bc4 Ra5 27. Rfe1 Re5 28. Bf1 Qg4 29. Kh1 Rhe8 30. Rac1 Nd3 31. Rc7 Nxf2+ 32.
Kg1 Nh3+ 33. Kh1 Nf2+ 34. Kg1 Rg8 35. Kxf2 Qh4+ 36. Ke2 Rf5 37. Kd1 Rd8+ 38. Kc2 Qf6 39. Qxe4 Qb2# 0-1